 Dungeon Crawl Stone Soup version 0.31-a0-150-g89dc3ad700 (webtiles) character file.

Game seed: 17654464756967936718

39 qw the Shooter (level 3, -9/31 HPs)
             Began as a Minotaur Hunter on June 8, 2023.
             Mangled by Sigmund
             ... wielding a +1 scythe of protection
              (11 damage)
             ... on level 2 of the Dungeon.
             The game lasted 00:00:21 (1046 turns).

qw the Shooter (Minotaur Hunter)                    Turns: 1046, Time: 00:00:21

Health: -9/31      AC:  3    Str: 15    XL:     3   Next: 28%
Magic:  2/2        EV: 12    Int:  6    God:
Gold:   78         SH:  0    Dex: 15    Spells: 2/2 levels left

rFire   . . .        Y - +0 shortbow
rCold   . . .        (shield currently unavailable)
rNeg    . . .        c - +0 leather armour
rPois   .            (helmet restricted)
rElec   .            (no cloak)
rCorr   .            (no gloves)
SInv    .            (no boots)
Will    .....        (no amulet)
Stlth   +            (no ring)
HPRegen 0.25/turn    (no ring)
MPRegen 0.08/turn

%: no passive effects
@: confused
A: horns 2, retaliatory headbutt
a: no special abilities


You were on level 2 of the Dungeon.
You visited 1 branch of the dungeon, and saw 2 of its levels.

You collected 78 gold pieces.


Innate Abilities, Weirdness & Mutations

You have a pair of horns on your head.
You reflexively headbutt those who attack you in melee.


   Skills:
 - Level 3.3 Fighting
 + Level 5.2 Ranged Weapons
 - Level 2.1 Dodging
 - Level 0.7 Stealth


You had 2 spell levels left.
You didn't know any spells.
Your spell library was empty.

Inventory:

Hand Weapons
 Y - a +0 shortbow (weapon)
Armour
 c - a +0 leather armour (worn)
Jewellery
 a - a ring of resist corrosion
Scrolls
 d - a scroll of teleportation {unknown}
Potions
 b - a potion of invisibility {unknown}
 e - a potion of degeneration {unknown}
 f - a potion of resistance {unknown}
 g - 2 potions of curing {unknown}

Dungeon Overview and Level Annotations

Branches:
Dungeon (2/15)

Altars:

Annotations:
D:2 Sigmund


Message History

You shoot an arrow. The arrow closely misses Sigmund.
Sigmund barely misses you.
You shoot an arrow.
The arrow hits Sigmund but does no damage.
Sigmund is lightly wounded.
Sigmund hits you from afar with a +1 scythe of protection.
You shoot an arrow. The arrow hits Sigmund.
Sigmund is moderately wounded.
You shoot an arrow. The arrow hits Sigmund.
Sigmund is moderately wounded.
Sigmund barely misses you.
You shoot an arrow. The arrow closely misses Sigmund.
Sigmund barely misses you.
You shoot an arrow. The arrow hits Sigmund.
Sigmund is heavily wounded.
Sigmund barely misses you.
You shoot an arrow. The arrow hits Sigmund.
Sigmund is heavily wounded.
You shoot an arrow. The arrow barely misses Sigmund.
Sigmund hits you from afar with a +1 scythe of protection.
You shoot an arrow. The arrow barely misses Sigmund.
Sigmund closely misses you.
You shoot an arrow. The arrow hits Sigmund!
Sigmund is almost dead.
Sigmund casts a spell.
Sigmund flickers and vanishes!
Deactivating autopickup; reactivate with Ctrl-A.
You shoot an arrow.
A magic dart appears from out of thin air!
The magic dart hits you.
You shoot an arrow.
You hear some strange, mumbled words.
You are confused.
You shoot an arrow. Something hits you.
You shoot an arrow. Something hits you!
You shoot an arrow. Something hits you!
You die...

###.# #.......###.# # #.#
#.......# .# # #.###.......#
.# ###...........# .#
..............###.##
..........#+#......##
..........#....>....#
........####........#
..#.....# #.....@...#
..#.....###.....#.#.#########
..#####.........#{.. #......#
..## ###.############.####.#
...# #...............# #.#
...# ##############..# #.#
...# #.....# #(.# #.#
...###########..%..###..# #.#
........................# #.#


There were no monsters in sight!

Vanquished Creatures
  A gnoll (D:1)
  3 ball pythons (D:1)
  3 bats
  An endoplasm (D:1)
  A giant cockroach (D:1)
  4 goblins (D:1)
  4 hobgoblins (D:1)
  4 jackals (D:1)
  3 kobolds (D:1)
  A frilled lizard (D:1)
25 creatures vanquished.

Notes
Turn   | Place    | Note
-------+----------+-------------------------------------------
     0 | D:1      | qw the Minotaur Hunter began the quest for the Orb.
     0 | D:1      | Reached XP level 1. HP: 18/18 MP: 0/0
     0 | D:1      | 0 ||| qw: Version: 0.2-a-119-g0488c42
     0 | D:1      | 0 ||| qw: Game counter: 2735
     0 | D:1      | 0 ||| qw: Always use a shield: true
     0 | D:1      | 0 ||| qw: God list: Okawaru
     0 | D:1      | 0 ||| qw: Allow faded altars: false
     0 | D:1      | 0 ||| qw: Do Orc after D:15 true
     0 | D:1      | 0 ||| qw: Do second Lair branch before Depths: true
     0 | D:1      | 0 ||| qw: Lair rune preference: random
     0 | D:1      | 0 ||| qw: Plans: Normal
     0 | D:1      | 0 ||| PLANNING D:1-11
   136 | D:1      | Reached XP level 2. HP: 21/25 MP: 1/1
   230 | D:1      | Reached skill level 5 in Ranged Weapons
   360 | D:1      | Reached skill level 3 in Fighting
   470 | D:1      | Reached XP level 3. HP: 25/31 MP: 2/2
   779 | D:1      | 779 ||| READING scroll labelled JICUUT JARUEN.
   780 | D:1      | 780 ||| DROPPING scroll of butterflies.
  1030 | D:2      | Noticed Sigmund
  1045 | D:2      | HP: 2/31 [something (7)]
  1046 | D:2      | Mangled by Sigmund

Levels and vault maps discovered:
D:1:      amcnicky_arrival_choice, layout_basic
D:2:      layout_basic, basic_altar, uniq_jessica, uniq_sigmund

Skill      XL: |  1  2 |
---------------+-------+-----
Ranged Weapons | 5 |  5.2
Fighting       | 3 |  3.3
Dodging        | |  2.1
Stealth        | |  0.7

Action                     || total
---------------------------++-------
   Fire: Shortbow          ||    94
    Use: Scroll            ||     1
 Armour: Leather armour    ||    11
  Dodge: Dodged            ||    32

Table legend:
 A = Non-vault XP
 B = Vault XP
 C = Vault XP percentage of total XP
 D = Non-vault monster count
 E = Vault monster count
 F = Vault count percentage of total count
                 A         B        C        D         E       F
            +---------+---------+-------+---------+---------+-------
      Total |      57 |       0 |   0.0 |      25 |       0 |   0.0
            +---------+---------+-------+---------+---------+-------
        D:1 |      54 |       0 |   0.0 |      23 |       0 |   0.0
        D:2 |       3 |       0 |   0.0 |       2 |       0 |   0.0
            +---------+---------+-------+---------+---------+-------
